 Dungeon Crawl Stone Soup version 0.29-a0-330-g52719c12eb (webtiles) character file.

Game seed: 14895443031908356494

3640 Gildeon the Severer (level 9, -3/74 HPs)
             Began as a Minotaur Fighter on Apr 23, 2022.
             Was a Believer of Makhleb.
             Slain by a killer bee (6 damage)
             ... on level 9 of the Dungeon.
             The game lasted 00:12:53 (8224 turns).

Gildeon the Severer (Minotaur Fighter)              Turns: 8224, Time: 00:12:54

Health: -3/74      AC: 14    Str: 25    XL:     9   Next: 88%
Magic:  8/8        EV:  9    Int:  5    God:    Makhleb [**....]
Gold:   273        SH:  5    Dex: 13    Spells: 8/8 levels left

rFire   + . .      SeeInvis .   a - +0 war axe
rCold   . . .      Faith    .   c - +0 buckler
rNeg    . . .      Spirit   .   p - +0 chain mail
rPois   .          Reflect  .   (helmet restricted)
rElec   +          Harm     .   w - +1 cloak of Levity {rElec}
rCorr   .          Rampage  .   y - +1 pair of gloves {Dex+3}
Will    .....                   (no boots)
Stlth   ..........              (no amulet)
HPRegen 0.22/turn               m - ring of protection from fire
MPRegen 0.11/turn               (no ring)

@: lethally poisoned (-3 -> -10)
A: horns 2, retaliatory headbutt
a: Renounce Religion, Minor Destruction


You were on level 9 of the Dungeon.
You worshipped Makhleb.
Makhleb was pleased with you.
You visited 2 branches of the dungeon, and saw 10 of its levels.

You collected 510 gold pieces.
You spent 237 gold pieces at shops.

Inventory:

Hand Weapons
 a - a +0 war axe (weapon)
 e - a +0 flail
 s - a +0 hand axe of freezing
Armour
 c - a +0 buckler (worn)
 p - a +0 chain mail (worn)
 w - the +1 cloak of Levity (worn) {rElec}
   (You bought it in a shop on level 6 of the Dungeon)

   rElec:     It insulates you from electricity.
 x - the +2 ratskin cloak {*Rats rPois rN+ Str-1 Int-1 Dex+1}
   (You found it on level 6 of the Dungeon)

   When the wearer is hurt, rats may emerge from it to assist them.
   Str:       It affects your strength (-1).
   Int:       It affects your intelligence (-1).
   Dex:       It affects your dexterity (+1).
   rPois:     It protects you from poison.
   rN:        It protects you from negative energy.
 y - a +1 pair of gloves of dexterity (worn)
Jewellery
 m - a ring of protection from fire (left hand)
Wands
 B - a wand of digging (3)
Scrolls
 f - a scroll of blinking
 g - 3 scrolls of magic mapping
 i - a scroll of holy word
 j - 3 scrolls of amnesia
 k - 4 scrolls of teleportation {unknown}
 n - 2 scrolls of enchant armour {unknown}
 o - a scroll of acquirement {unknown}
 u - a scroll of vulnerability {unknown}
 v - 2 scrolls of identify
 A - a scroll of fog {unknown}
 D - a scroll of immolation {unknown}
Potions
 d - 2 potions of might
 h - a potion of invisibility
 l - 3 potions of mutation
 q - a potion of ambrosia {unknown}
 r - a potion of flight {unknown}
 t - a potion of curing {unknown}
 z - a potion of lignification {unknown}
 C - a potion of magic {unknown}


   Skills:
 - Level 5.0 Fighting
 * Level 15.0 Axes
 - Level 5.0 Armour
 + Level 3.6 Dodging
 - Level 5.0 Shields
 + Level 0.3 Spellcasting
 + Level 0.5 Invocations
 + Level 0.6 Evocations


You had 8 spell levels left.
You didn't know any spells.
Your spell library contained the following spells:

 Spells                   Type           Power      Damage    Failure   Level
 Conjure Flame            Conj/Fire      0%         6-21      100%        3
 Gell's Gravitas          Tloc           0%         N/A       100%        3
 Ignite Poison            Fire/Tmut/Pois 0%         N/A       100%        3
 Teleport Other           Tloc           0%         N/A       100%        3
 Tukima's Dance           Hex            0%         N/A       100%        3
 Anguish                  Hex/Necr       0%         N/A       100%        4
 Sticky Flame             Conj/Fire      0%         2d3       100%        4
 Dispersal                Tloc           0%         N/A       100%        6
 Enfeeble                 Hex            0%         N/A       100%        7


Dungeon Overview and Level Annotations

Branches:
Dungeon (9/15)             Temple (1/1) D:4
   Lair: D:8-11         Orc: D:9-12

Altars:
Ashenzari
Cheibriados
Elyvilon
Fedhas
Hepliaklqana
Kikubaaqudgha
Makhleb
Okawaru
Ru
Sif Muna
Trog
Uskayaw
Vehumet
Wu Jian
Xom
Zin
The Shining One

Shops:
D:6 [


Innate Abilities, Weirdness & Mutations

You have a pair of horns on your head.
You reflexively headbutt those who attack you in melee.


Message History

The killer bee closely misses you.
Found a stone staircase leading up.
You feel sick. You block the killer bee's attack.
The killer bee attacks as you move away!
The killer bee stings you but does no damage.
You feel sick. The killer bee barely misses you.
You feel sick. The killer bee stings you.
* * * LOW HITPOINT WARNING * * *
You feel sick.
The killer bee stings you but does no damage.
The killer bee attacks as you move away!
The killer bee stings you but does no damage.
The killer bee attacks as you move away!
The killer bee barely misses you.
You feel sick. The killer bee misses you.
The killer bee stings you but does no damage.
You feel sick. The killer bee stings you.
* * * LOW HITPOINT WARNING * * *
The killer bee stings you but does no damage.
The killer bee attacks as you move away!
The killer bee closely misses you. You furiously retaliate!
You headbutt the killer bee!
You kill the killer bee!
Makhleb accepts your kill.
You feel sick.
You are no longer poisoned.
The killer bee stings you!
* * * LOW HITPOINT WARNING * * *
There is a stone staircase leading down here.
The killer bee stings you.
* * * LOW HITPOINT WARNING * * *
The killer bee closely misses you. You furiously retaliate!
You headbutt the killer bee!
You climb downwards.
There is a stone staircase leading up here.
You miss the killer bee. Your headbutt misses the killer bee.
The killer bee is heavily wounded.
The killer bee stings you.
* * * LOW HITPOINT WARNING * * *
You are lethally poisoned!
The killer bee poisons you! The killer bee stings you.
You die...

.#
..
#.
#.
#.
#.##
#.y#
#@#
#.#
#.#
#.#
#.#
#.#
..#
###


You could see a killer bee.

Vanquished Creatures
  Prince Ribbit (D:8)
  A steam dragon (D:7)
  5 yaks (D:8)
  A sky beast (D:6)
  2 black bears
  2 centaurs
  6 bullfrogs
  6 scorpions
  2 necrophages
  5 killer bees (D:8)
  A howler monkey (D:4)
  4 hounds
  A jelly (D:7)
  7 orc priests
  Crazy Yiuf (D:5)
  4 iguanas
  5 orc wizards
  4 hell rats (D:6)
  7 adders
  4 gnolls (D:4)
  14 river rats (D:6)
  2 white imps (D:5)
  2 ufetubi (D:5)
  2 worms (D:2)
  3 dart slugs
  22 orcs
  5 bats
  2 endoplasms
  3 giant cockroaches
  5 hobgoblins
  9 jackals
  4 kobolds
  2 quokkas
  5 ball pythons
  2 frilled lizards (D:1)
  5 goblins
  4 rats
160 creatures vanquished.

Vanquished Creatures (others)
  3 fungi (D:7)
3 creatures vanquished.

Grand Total: 163 creatures vanquished

Notes
Turn   | Place    | Note
-------+----------+-------------------------------------------
     0 | D:1      | Gildeon the Minotaur Fighter began the quest for the Orb.
     0 | D:1      | Reached XP level 1. HP: 19/19 MP: 0/0
   178 | D:1      | Reached skill level 3 in Axes
   195 | D:1      | Found a faded altar of an unknown god.
   223 | D:1      | Reached XP level 2. HP: 26/26 MP: 1/1
   700 | D:1      | Reached skill level 4 in Axes
  1252 | D:2      | Reached XP level 3. HP: 31/31 MP: 2/2
  2066 | D:2      | Reached skill level 5 in Axes
  2339 | D:3      | Reached XP level 4. HP: 39/39 MP: 3/3
  2757 | D:3      | Reached skill level 6 in Axes
  2960 | D:3      | Reached XP level 5. HP: 41/45 MP: 4/4
  3198 | D:4      | Found a blossoming altar of Fedhas.
  3216 | D:4      | Reached skill level 7 in Axes
  3347 | D:4      | Found a white marble altar of Elyvilon.
  3392 | D:4      | Reached XP level 6. HP: 31/51 MP: 5/5
  3532 | D:4      | Reached skill level 8 in Axes
  3939 | D:4      | Reached skill level 9 in Axes
  3955 | D:4      | Found a sacrificial altar of Ru.
  4073 | D:4      | Found a staircase to the Ecumenical Temple.
  4349 | D:4      | Reached XP level 7. HP: 57/57 MP: 6/6
  4716 | Temple   | Entered the Ecumenical Temple
  4722 | Temple   | Became a worshipper of Makhleb the Destroyer
  4970 | D:5      | Entered Level 5 of the Dungeon
  5064 | D:4      | Reached skill level 10 in Axes
  5778 | D:5      | Reached skill level 11 in Axes
  5901 | D:5      | Found a shimmering blue altar of Sif Muna.
  6031 | D:5      | Found a runed translucent door.
  6032 | D:5      | Noticed Crazy Yiuf
  6037 | D:5      | Killed Crazy Yiuf
  6168 | D:5      | Reached XP level 8. HP: 61/64 MP: 7/7
  6283 | D:6      | Reached skill level 12 in Axes
  6699 | D:6      | Found Asiyng's Antique Armour Shop.
  6711 | D:6      | Reached * piety under Makhleb
  6718 | D:6      | Bought a brightly glowing cloak for 237 gold pieces
  6718 | D:6      | Identified the +1 cloak of Levity {rElec} (You bought it in
                  | a shop on level 6 of the Dungeon)
  6850 | D:6      | Reached skill level 13 in Axes
  7371 | D:6      | Found the +2 ratskin cloak {*Rats rPois rN+ Str-1 Int-1
                  | Dex+1}
  7477 | D:7      | Reached skill level 14 in Axes
  7477 | D:7      | Reached XP level 9. HP: 68/70 MP: 8/8
  7509 | D:7      | Found a broken altar of Ashenzari.
  7589 | D:7      | Reached skill level 1 in Dodging
  7744 | D:7      | Noticed an eight-headed hydra
  7809 | D:8      | Reached ** piety under Makhleb
  7875 | D:8      | Found a radiant altar of Vehumet.
  8099 | D:8      | Noticed Prince Ribbit
  8119 | D:8      | Killed Prince Ribbit
  8120 | D:8      | Reached skill level 5 in Fighting
  8120 | D:8      | Reached skill level 5 in Armour
  8120 | D:8      | Reached skill level 5 in Shields
  8174 | D:8      | Noticed an eight-headed hydra
  8214 | D:8      | Reached skill level 15 in Axes
  8224 | D:9      | HP: 3/74 [killer bee (2)]
  8224 | D:9      | Slain by a killer bee

Illustrated notes

Levels and vault maps discovered:
D:1:      heliophobic_arrival_glass_houses, layout_basic,
          chequers_ecumenical_altar_grove, grunt_decor_resistance
D:2:      layout_basic
D:3:      layout_loops_corners
D:4:      layout_layer_cave, elyvilon_altar_1, lemuel_crystal_altar,
          mainiacjoe_overflow_small_starburst, kennysheep_path_1,
          kennysheep_generic_room_13
D:5:      layout_cave_pools, mainiacjoe_overflow_cross_hatched,
          uniq_crazy_yiuf_cottage
D:6:      wander_guarded_unrand_ratskin, layout_basic, serial_shops, shop
D:7:      minmay_the_grid_octo_tiled_octocenter [minmay_the_grid_octo_shrine,
          minmay_the_grid_octo_clover, minmay_the_grid_octo_toaster,
          minmay_the_grid_octo_thin_diamonds,
          minmay_the_grid_octo_prize_ultimate_mussel_roller,
          minmay_the_grid_square_5x5_n_small,
          minmay_the_grid_square_5x5_minivault,
          minmay_the_grid_square_5x5_corner,
          minmay_the_grid_square_5x5_tri_point], layout_gridville,
          mainiacjoe_overflow_boulevard, nemelex_diamond_rough_becter,
          uniq_menkaure
D:8:      layout_layer_cave, old_standard_altar, uniq_maggie,
          uniq_prince_ribbit1, uniq_amaemon
D:9:      layout_loops_ring, chequers_mini_garden
Temple:   chequers_temple_sunken

Skill      XL: |  1  2  3  4  5  6  7  8  9 |
---------------+----------------------------+-----
Axes           | 3 4 5 6 7 9 11 14 15 | 15.0
Dodging        | 3 |  3.6
Armour         | 5 |  5.0
Fighting       | 5 |  5.0
Shields        | 5 |  5.0
Spellcasting   | |  0.3
Invocations    | |  0.5
Evocations     | |  0.6

Action                   |  1- 3 |  4- 6 |  7- 9 || total
-------------------------+-------+-------+-------++-------
Melee: War axe           |    83 |    98 |   258 ||   439
       Headbutt          |    11 |    17 |    46 ||    74
  Use: Scroll            |       |     6 |     3 ||     9
       Potion            |       |       |     1 ||     1
Armor: Scale mail        |    34 |    15 |       ||    49
       Chain mail        |       |    34 |   139 ||   173
Dodge: Dodged            |    43 |    45 |   101 ||   189
Block: Buckler           |    14 |    26 |    50 ||    90

Table legend: (Time is in decaauts)
 A = Elapsed time spent in this place.
 B = Non-inter-level travel time spent in this place.
 C = Inter-level travel time spent in this place.
 D = Time resting spent in this place.
 E = Time spent auto-exploring this place.
 F = Levels seen in this place.
 G = Mean time per level.
                   A        B        C        D        E       F      G
               +--------+--------+--------+--------+--------+-----+--------+
         Total |   8297 |   8091 |    206 |    204 |   6653 |  10 |  829.7 |
       Dungeon |   8003 |   7829 |    174 |    204 |   6403 |   9 |  889.2 |
        Temple |    293 |    261 |     32 |      0 |    250 |   1 |  293.0 |
               +--------+--------+--------+--------+--------+-----+--------+

Top non-repeatable levels by time:
     D:4: 1738 daAuts
     D:6: 1244 daAuts
     D:2: 1092 daAuts
     D:1: 1075 daAuts
     D:3: 1065 daAuts
     D:5: 1041 daAuts
     D:8: 447 daAuts
     D:7: 298 daAuts
  Temple: 293 daAuts
     D:9: 0 daAuts
